 Dungeon Crawl Stone Soup version 0.29-a0-477-g62b78b4225 (webtiles) character file.

Game seed: 16395476458187613277

157 greasedhog the Chopper (level 5, -4/45 HPs)
             Began as a Hill Orc Monk on May 24, 2022.
             Slain by an ogre
             ... wielding a +0 giant club
              (16 damage)
             ... on level 4 of the Dungeon.
             The game lasted 00:02:56 (3540 turns).

greasedhog the Chopper (Hill Orc Monk)              Turns: 3540, Time: 00:02:57

Health: -4/45      AC:  5    Str: 16    XL:     5   Next: 38%
Magic:  0/5        EV: 11    Int: 10    God:
Gold:   134        SH:  3    Dex: 13    Spells: 4/4 levels left

rFire   . . .      SeeInvis .   a - +0 hand axe
rCold   . . .      Faith    .   n - +0 buckler
rNeg    . . .      Spirit   +   g - +0 ring mail
rPois   .          Reflect  .   (no helmet)
rElec   .          Harm     .   (no cloak)
rCorr   .          Rampage  .   (no gloves)
Will    .....                   (no boots)
Stlth   +.........              j - amulet of guardian spirit
HPRegen 0.15/turn               (no ring)
MPRegen 0.09/turn               (no ring)

@: no status effects
A: no striking features
a: no special abilities


You were on level 4 of the Dungeon.
You visited 1 branch of the dungeon, and saw 4 of its levels.

You collected 134 gold pieces.

Inventory:

Hand Weapons
 a - a +0 hand axe (weapon)
Armour
 g - a +0 ring mail (worn)
 n - a +0 buckler (worn)
Jewellery
 j - an amulet of guardian spirit (around neck)
Scrolls
 b - a scroll of fear
 d - a scroll of teleportation
 e - a scroll of blinking
 i - 2 scrolls of noise {unknown}
 l - a scroll of brand weapon {unknown}
Potions
 c - a potion of ambrosia
 f - 2 potions of curing {unknown}
 h - a potion of cancellation {unknown}
 k - a potion of flight {unknown}
 m - a potion of mutation {unknown}


   Skills:
 - Level 3.6 Fighting
 * Level 7.1 Axes
 - Level 3.0 Dodging
 - Level 1.5 Stealth
 * Level 0.5 Shields


You had 4 spell levels left.
You didn't know any spells.
Your spell library contained the following spells:

 Spells                   Type           Power      Damage    Failure   Level
 Magic Dart               Conj           0%         1d3       69%         1
 Slow                     Hex            0%         N/A       69%         1
 Blink                    Tloc           0%         N/A       83%         2
 Call Imp                 Summ           0%         N/A       83%         2
 Static Discharge         Conj/Air       0%         N/A       83%         2
 Confusing Touch          Hex            0%         N/A       96%         3
 Lesser Beckoning         Tloc           0%         N/A       96%         3
 Mephitic Cloud           Conj/Pois/Air  0%         N/A       96%         3
 Vampiric Draining        Necr           0%         2d6       96%         3
 Corpse Rot               Necr/Pois/Air  0%         N/A       100%        4
 Dispel Undead            Necr           0%         3d6       100%        4
 Lightning Bolt           Conj/Air       0%         1d11      100%        5
 Manifold Assault         Tloc           0%         N/A       100%        5
 Death Channel            Necr           0%         N/A       100%        6
 Maxwell's Capacitive Co  Air            0%         ∞         100%        8


Dungeon Overview and Level Annotations

Branches:
Dungeon (4/15)
 Temple: D:4-7

Altars:


Message History

HP restored.
A quokka comes into view.
Found 9 gold pieces.
A quokka is nearby!
Found a stone staircase leading up.
You hit the quokka.
You kill the quokka!
An ogre comes into view. It is wielding a +0 giant club.
You barely miss the ogre.
The ogre shouts!
A dart slug comes into view.
The ogre misses you.
You hit the ogre but do no damage. The dart slug launches a dart at you.
The slug dart hits you.
You completely miss the ogre. The ogre barely misses you.
You slash the ogre!
The ogre is moderately wounded.
The ogre hits you with a +0 giant club.
You hit the ogre.
The ogre is heavily wounded.
You closely miss the ogre.
The ogre is heavily wounded.
The ogre hits you with a +0 giant club!!
You hit the ogre but do no damage.
The ogre is heavily wounded.
The ogre hits you with a +0 giant club!
* * * LOW HITPOINT WARNING * * *
You barely miss the ogre.
The ogre is heavily wounded.
The dart slug launches a dart at you. The slug dart hits you.
* * * LOW HITPOINT WARNING * * *
You barely miss the ogre.
The ogre is heavily wounded.
The ogre closely misses you.
You hit the ogre.
The ogre is heavily wounded.
The ogre hits you with a +0 giant club!
You die...

<.## .......
##....
.......
##.....
.......
...#..
$...... #....
....... #...
......#
#w.#O..#
#.@## ##..##
##..####
##....#
#.....#
##....##
#.....## ..
##.....###..#
##.#......#


You could see an ogre and a dart slug.

Vanquished Creatures
  A scorpion (D:4)
  5 adders
  A worm (D:2)
  8 ball pythons
  6 endoplasms
  2 giant cockroaches
  6 hobgoblins
  3 jackals (D:2)
  2 kobolds
  4 quokkas
  3 frilled lizards
  5 goblins
  7 rats
53 creatures vanquished.

Notes
Turn   | Place    | Note
-------+----------+-------------------------------------------
     0 | D:1      | greasedhog the Hill Orc Monk began the quest for the Orb.
     0 | D:1      | Reached XP level 1. HP: 19/19 MP: 1/1
   197 | D:1      | Reached XP level 2. HP: 10/26 MP: 2/2
   430 | D:1      | You fall into a shaft and drop 1 floor!
   604 | D:2      | Reached XP level 3. HP: 30/31 MP: 3/3
   652 | D:2      | Reached skill level 5 in Axes
  1425 | D:2      | Reached XP level 4. HP: 38/39 MP: 4/4
  1734 | D:1      | Found a faded altar of an unknown god.
  2372 | D:3      | Reached skill level 6 in Axes
  2757 | D:3      | Identified the +5 long sword of Wrath {drain, rPois Dex+5}
  3267 | D:4      | Noticed a scorpion
  3279 | D:4      | Killed a scorpion
  3280 | D:4      | Reached skill level 7 in Axes
  3280 | D:4      | Reached XP level 5. HP: 8/45 MP: 2/5
  3530 | D:4      | Noticed an ogre
  3540 | D:4      | Slain by an ogre

Illustrated notes

Levels and vault maps discovered:
D:1:      tarquinn_simple_flora_water_d, layout_loops_ring,
          chequers_ecumenical_altar_simple_redux
D:2:      layout_basic
D:3:      layout_loops_cross, minmay_misc_feat_x, nrook_mini_backslash,
          serial_bayou_pond_b
D:4:      layout_cave_pods, nicolae_sif_muna_little_library

Skill      XL: |  1  2  3  4 |
---------------+-------------+-----
Axes           | 5 7 |  7.1
Dodging        | 3 |  3.0
Fighting       | |  3.6
Stealth        | |  1.5
Shields        | |  0.5

Action                   |  1- 3 |  4- 6 || total
-------------------------+-------+-------++-------
Melee: Hand axe          |    88 |   111 ||   199
       Punch             |     2 |       ||     2
  Use: Scroll            |     2 |     1 ||     3
       Potion            |       |     1 ||     1
 Stab: Sleeping          |     5 |     1 ||     6
Armor: Robe              |     4 |       ||     4
       Ring mail         |    14 |    38 ||    52
Dodge: Dodged            |    50 |    50 ||   100

Table legend: (Time is in decaauts)
 A = Elapsed time spent in this place.
 B = Non-inter-level travel time spent in this place.
 C = Inter-level travel time spent in this place.
 D = Time resting spent in this place.
 E = Time spent auto-exploring this place.
 F = Levels seen in this place.
 G = Mean time per level.
                   A        B        C        D        E       F      G
               +--------+--------+--------+--------+--------+-----+--------+
         Total |   3549 |   3367 |    182 |    236 |   2681 |   4 |  887.2 |
       Dungeon |   3549 |   3367 |    182 |    236 |   2681 |   4 |  887.2 |
               +--------+--------+--------+--------+--------+-----+--------+

Top non-repeatable levels by time:
     D:2: 1241 daAuts
     D:1: 1007 daAuts
     D:3: 989 daAuts
     D:4: 311 daAuts
